 Dungeon Crawl Stone Soup version 0.28.0-43-g3370ac3207 (webtiles) character file.

Game seed: 6857573902219339045

322 joshe the Ruffian (level 6, -9/61 HPs)
             Began as an Ogre Transmuter on Mar 13, 2022.
             Killed from afar by Pikel (28 damage)
             ... with a bolt of acid
             ... on level 4 of the Dungeon.
             The game lasted 00:40:54 (4732 turns).

joshe the Ruffian (Ogre Transmuter)                 Turns: 4732, Time: 00:40:55

Health: -9/61      AC: -2    Str: 15    XL:     6   Next: 47%
Magic:  8/10       EV: 19    Int: 16    God:
Gold:   124        SH:  0    Dex: 14    Spells: 5/11 levels left

rFire   . . .      SeeInvis +     - Unarmed
rCold   . . .      Faith    .   (shield currently unavailable)
rNeg    . . .      Spirit   .   (armour currently unavailable)
rPois   .          Reflect  .   (helmet currently unavailable)
rElec   .          Harm     .   (cloak currently unavailable)
rCorr   .          Rampage  .   (gloves unavailable)
Will    .....                   (boots unavailable)
Stlth   ++........              (no amulet)
HPRegen 0.20/turn               e - ring of see invisible
MPRegen 0.12/turn               q - ring of poison resistance

@: spider-form, corroded
A: venomous fangs, tiny, unfitting armour, (tough skin 1)
a: End Transformation


You were on level 4 of the Dungeon.
You were a venomous arachnid creature.
You visited 1 branch of the dungeon, and saw 4 of its levels.

You collected 124 gold pieces.

Inventory:

Hand Weapons
 c - a +0 dagger
 j - the +4 short sword "Jighyes" (melded) {freeze, Fly rCorr}
   (You found it on level 2 of the Dungeon)

   It freezes those it strikes, dealing additional cold damage.
   It can also slow down cold-blooded creatures.
   Fly:       It grants you flight.
   rCorr:     It protects you from acid and corrosion.
 m - a +1 dagger of venom
Missiles
 l - 6 poisoned darts
 n - 3 boomerangs (quivered)
Armour
 a - a +0 robe (melded)
Jewellery
 e - a ring of see invisible (left front leg)
 q - a ring of poison resistance (right front leg)
Scrolls
 b - a scroll of vulnerability {unknown}
 d - a scroll of fear {unknown}
 h - a scroll of noise {unknown}
 i - a scroll of blinking {unknown}
 p - 2 scrolls of brand weapon {unknown}
Potions
 f - 2 potions of heal wounds {unknown}
 g - a potion of degeneration {unknown}
 k - a potion of resistance {unknown}
 o - a potion of flight {unknown}
 r - a potion of curing {unknown}


   Skills:
 + Level 3.2 Fighting
 - Level 2.0 Short Blades
 - Level 2.0 Dodging
 - Level 2.0 Stealth
 - Level 4.0 Unarmed Combat
 - Level 3.0 Spellcasting
 - Level 2.0 Transmutations
 - Level 2.0 Poison Magic


You had 5 spell levels left.
You knew the following spells:

 Your Spells              Type           Power      Damage    Failure   Level
a - Beastly Appendage     Tmut           16%        N/A       22%         1
b - Spider Form           Tmut/Pois      8%         N/A       45%         3
c - Wereblood             Tmut           8%         N/A       28%         2

Your spell library contained the following spells:

 Spells                   Type           Power      Damage    Failure   Level
 Ice Form                 Ice/Tmut       5%         N/A       90%         4
 Summon Forest            Summ/Tloc      1%         N/A       100%        5
 Eringya's Noxious Bog    Tmut/Pois      4%         N/A       100%        6
 Summon Hydra             Summ           1%         N/A       100%        7


Dungeon Overview and Level Annotations

Branches:
Dungeon (4/15)
 Temple: D:4-7

Altars:

Shops:
D:1 (=(:!

Annotations:
D:2 Sigmund
D:4 Blork the orc, Pikel


Innate Abilities, Weirdness & Mutations

You are a venomous arachnid creature.
You have poisonous fangs.
You are tiny and dextrous.
Your spellcasting is less reliable in this form.
Your armour is entirely melded.
You are incapable of wielding weapons or throwing items.
You are too large for most types of armour.
((You have tough skin. (AC +1)))


Message History

You start resting.
HP restored.
You start waiting.
Done waiting.
Things that are here:
a +0 leather armour; a +0 flail; a +0 club
There is a stone staircase leading down here.
There is a stone staircase leading down here.
You fly downwards.
Level annotation: Blork the orc, Pikel
There is a stone staircase leading up here.
Found 9 gold pieces.
Found 25 arrows.
A giant cockroach comes into view.
You see here 9 gold pieces.
You now have 124 gold pieces (gained 9).
You puncture the giant cockroach! You freeze the giant cockroach.
You kill the giant cockroach!
Pikel shouts!
You see here a giant cockroach corpse.
Casting: Spider Form (dangerous; 24% risk of failure)
Confirm with . or Enter, or press ? or * to list all spells.
You turn into a venomous arachnid creature.
The +4 short sword "Jighyes" {freeze, Fly rCorr} melds into your body.
Your +0 robe melds into your body.
You float gracefully downwards.
The +4 short sword "Jighyes" {freeze, Fly rCorr} stops glowing.
You bite Pikel!
Pikel is moderately wounded.
Pikel zaps a wand.
The bolt of acid hits you!!!
Ouch! That really hurt!
* * * LOW HITPOINT WARNING * * *
The acid corrodes you!
Unknown command.
You hit Pikel but do no damage.
Pikel is moderately wounded.
Pikel drinks a potion.
Pikel seems to grow stronger.
You hit Pikel but do no damage.
Pikel is poisoned.
Pikel is moderately wounded.
Pikel zaps a wand.
The bolt of acid hits you!!
You die...

###.................
#...........####....
#.........### ####.
#...###..## ##... #...#
#...# #..## ##.##
##..#######.#. ###
##...........
#.########...#.##.##
#.Ks.##.#....####..#
#..#####..#........## #....
.....(.†#####.#...## ##...
.#........#........### ###.
...##................######
. ........##....#....##.#.
........###...##....##...
#................###......
#..K..##..#......#........


You could see Pikel (strong, very poisoned).

Vanquished Creatures
  An ogre (D:4)
  3 lemures
  A phantom (D:4)
  An iguana (D:4)
  An orc wizard (D:3)
  2 adders (D:3)
  2 worms
  6 dart slugs
  9 orcs (D:3)
  7 ball pythons
  10 endoplasms
  A giant cockroach (D:4)
  6 goblins
  7 hobgoblins
  4 kobolds
  2 quokkas
  4 bats
  3 frilled lizards (D:1)
  4 rats
74 creatures vanquished.

Notes
Turn   | Place    | Note
-------+----------+-------------------------------------------
     0 | D:1      | joshe the Ogre Transmuter began the quest for the Orb.
     0 | D:1      | Reached XP level 1. HP: 19/19 MP: 3/3
   162 | D:1      | Noticed a floating eye
   166 | D:1      | Noticed a floating eye
   240 | D:1      | Reached skill level 3 in Unarmed Combat
   313 | D:1      | Reached XP level 2. HP: 13/27 MP: 3/5
   499 | D:1      | Noticed a golden eye
   501 | D:1      | Found a faded altar of an unknown god.
   505 | D:1      | Noticed an eye of devastation
   686 | D:1      | Found Maah's Antique Weapon Emporium.
   886 | D:1      | Found Acilaet's Jewellery Shoppe.
   902 | D:1      | Found Uprykkull's Book Boutique.
   924 | D:1      | Reached skill level 1 in Stealth
  1147 | D:1      | Found Qomaku Faism's Distillery.
  1166 | D:1      | Reached XP level 3. HP: 33/33 MP: 4/6
  1197 | D:1      | Learned a level 3 spell: Spider Form
  1310 | D:1      | Found Donnikeh's Antique Weapon Shoppe.
  1668 | D:2      | Noticed Sigmund
  1864 | D:2      | Identified the +4 short sword "Jighyes" {freeze, Fly rCorr}
  2187 | D:3      | Reached XP level 4. HP: 37/41 MP: 3/7
  2193 | D:3      | Reached skill level 1 in Short Blades
  2539 | D:3      | Learned a level 2 spell: Wereblood
  2848 | D:3      | Reached XP level 5. HP: 48/49 MP: 7/9
  3183 | D:4      | Noticed a phantom
  3231 | D:4      | Noticed an ogre
  3241 | D:4      | Killed an ogre
  3242 | D:4      | Reached skill level 4 in Unarmed Combat
  3323 | D:4      | Reached skill level 1 in Poison Magic
  3323 | D:4      | Reached XP level 6. HP: 46/57 MP: 10/10
  4075 | D:4      | Noticed Blork the orc
  4342 | D:4      | Noticed Pikel
  4732 | D:4      | Killed from afar by Pikel

Illustrated notes

Levels and vault maps discovered:
D:1:      sevenhm_arrival_forest_fort_large_4, layout_basic, serial_shops, shop,
          nicolae_shop_behind_doors, nicolae_shop_stone,
          nicolae_shop_temple_entry_statues_fountains,
          nicolae_shop_temple_entry_statues_fountains,
          hellmonk_ecumenical_altar_watching_god, minmay_misc_feat_ornament
D:2:      layout_basic, serial_shops, nicolae_shop_statue_plus, uniq_sigmund
D:3:      layout_rooms, st_stairs_6, corner_web_ring
D:4:      layout_cave_pools, lemuel_tele_altar, uniq_crazy_yiuf_cottage,
          uniq_pikel, uniq_blork_the_orc

Skill      XL: |  1  2  3  4  5  6 |
---------------+-------------------+-----
Unarmed Combat | 3 4 |  4.0
Stealth        | 1 2 |  2.0
Short Blades   | 1 2 |  2.0
Transmutations | 2 |  2.0
Fighting       | 2 3 |  3.2
Dodging        | 2 |  2.0
Spellcasting   | 3 |  3.0
Poison Magic   | 1 2 |  2.0

Action                   |  1- 3 |  4- 6 || total
-------------------------+-------+-------++-------
Melee: Unarmed           |    67 |    64 ||   131
       Kick              |    12 |     8 ||    20
       Headbutt          |    10 |     6 ||    16
       Punch             |     1 |     1 ||     2
       Short sword       |    11 |    52 ||    63
Throw: Boomerang         |       |     1 ||     1
 Cast: Beastly Appendage |    27 |    16 ||    43
       Spider Form       |     4 |    11 ||    15
 Stab: Sleeping          |     1 |     1 ||     2
Armor: Robe              |    19 |    11 ||    30
       Skin              |     2 |     3 ||     5
Dodge: Dodged            |    34 |    61 ||    95
